TOP OF THE 1ST |
San Diego Smashers batting - Pitching for Balzac Rams : RHP José García
|
Pitching: RHP José García
|
|
Batting: RHB Gerald Davis
|
0-0: Ball 1-0: Foul Ball, location: 2F 1-1: Ball 2-1: Ground out 1-3 (Groundball, 15)
|
Batting: LHB Richard Brooks
|
0-0: Called Strike 0-1: Ground out U3 (Groundball, 3S)
|
Batting: LHB Vernon Hill
|
0-0: Ball 1-0: Called Strike 1-1: Ball 2-1: Swinging Strike 2-2: Strikes out looking
|
Top of the 1st over - 0 runs, 0 hits, 0 errors, 0 left on base; San Diego 0 - Balzac 0 |
BOTTOM OF THE 1ST |
Balzac Rams batting - Pitching for San Diego Smashers : RHP Rick McKnight
|
Pitching: RHP Rick McKnight
|
|
Batting: RHB Conner Riley
|
0-0: Swinging Strike 0-1: Foul Ball, location: 2F 0-2: Ball 1-2: SINGLE (Groundball, 6M) (infield hit)
|
Batting: RHB Armando Blanco
|
0-0: Ball 1-0: Fielders Choice at 2nd, 4-6 (Groundball, 34)
|
Batting: RHB Pedro Molina
|
0-0: Ball 1-0: Called Strike 1-1: Fly out, F8 (Line Drive, 8RD)
|
Batting: RHB Jeremy Flemming
|
0-0: Ball 1-0: Ball 2-0: SINGLE (Line Drive, 89S) Armando Blanco to second
|
Batting: LHB Manuel Villarreal
|
0-0: Swinging Strike 0-1: Ball 1-1: Ball 2-1: Swinging Strike 2-2: Foul Ball, location: 2F 2-2: Strikes out looking
|
Bottom of the 1st over - 0 runs, 2 hits, 0 errors, 2 left on base; San Diego 0 - Balzac 0 |
TOP OF THE 2ND |
San Diego Smashers batting - Pitching for Balzac Rams : RHP José García
|
Batting: LHB Steven Smith
|
0-0: Ball 1-0: Swinging Strike 1-1: Called Strike 1-2: Strikes out looking
|
Batting: RHB Ray Rogers
|
0-0: Ball 1-0: Ball 2-0: Ball 3-0: Called Strike 3-1: Base on Balls
|
Batting: RHB Ramón Ramírez
|
0-0: Called Strike 0-1: Ball 1-1: Ball 2-1: DOUBLE (Line Drive, 8LXD) Ray Rogers to third
|
Batting: RHB Manuel Martínez
|
0-0: Ball 1-0: Called Strike 1-1: Ball 2-1: Ground out 6-3 (Groundball, 6) Ray Rogers scores
|
Batting: LHB Ryan Rheaume
|
0-0: Ball 1-0: Called Strike 1-1: Swinging Strike 1-2: Ball 2-2: Ball 3-2: Strikes out looking
|
Top of the 2nd over - 1 run, 1 hit, 0 errors, 1 left on base; San Diego 1 - Balzac 0 |
BOTTOM OF THE 2ND |
Balzac Rams batting - Pitching for San Diego Smashers : RHP Rick McKnight
|
Batting: RHB Marcos Pérez
|
0-0: Ball 1-0: Foul Ball, location: 2F 1-1: Called Strike 1-2: Foul Ball, location: 2F 1-2: Ball 2-2: Ground out 6-3 (Groundball, 6)
|
Batting: RHB Luis Cardoza
|
0-0: Ball 1-0: Foul Ball, location: 2F 1-1: Foul Ball, location: 2F 1-2: Foul Ball, location: 2F 1-2: Reached on error, E6 (Groundball, 6MD)
|
Batting: RHB Gabriel González
|
0-0: Called Strike 0-1: Ground out 5-3 (Groundball, 56)
|
Batting: RHB Bob Watson
|
0-0: Called Strike 0-1: Ball 1-1: Foul Ball, location: 2F 1-2: Strikes out swinging
|
Bottom of the 2nd over - 0 runs, 0 hits, 1 error, 1 left on base; San Diego 1 - Balzac 0 |
TOP OF THE 3RD |
San Diego Smashers batting - Pitching for Balzac Rams : RHP José García
|
Batting: RHB Sean Smith
|
0-0: Foul Ball, location: 2F 0-1: Ball 1-1: Foul Ball, location: 2F 1-2: Ball 2-2: Strikes out swinging
|
Batting: RHB Gerald Davis
|
0-0: Ball 1-0: Called Strike 1-1: Foul Ball, location: 2F 1-2: Ball 2-2: Ground out U3 (Groundball, 34S)
|
Batting: LHB Richard Brooks
|
0-0: Called Strike 0-1: Ball 1-1: Ball 2-1: Foul Ball, location: 2F 2-2: Foul Ball, location: 2F 2-2: Ball 3-2: Strikes out swinging
|
Top of the 3rd over - 0 runs, 0 hits, 0 errors, 0 left on base; San Diego 1 - Balzac 0 |
BOTTOM OF THE 3RD |
Balzac Rams batting - Pitching for San Diego Smashers : RHP Rick McKnight
|
Batting: RHB Conner Riley
|
0-0: Swinging Strike 0-1: Called Strike 0-2: Ball 1-2: Foul Ball, location: 2F 1-2: Ball 2-2: Ball 3-2: SINGLE (Line Drive, 4MD)
|
Batting: RHB Armando Blanco
|
0-0: Called Strike 0-1: Ball 1-1: Ball 2-1: Foul Ball, location: 2F 2-2: Fly out, F3 (Popup, 23F)
|
Batting: RHB Pedro Molina
|
0-0: Ball 1-0: Ball 2-0: SINGLE (Flyball, 7S) Conner Riley to second
|
Batting: RHB Jeremy Flemming
|
0-0: Ball 1-0: Ball 2-0: Fielders Choice at 2nd, 1-6 (Groundball, 13S) Conner Riley to third
|
Batting: LHB Manuel Villarreal
|
0-0: Ball 1-0: Fly out, F9 (Flyball, 9)
|
Bottom of the 3rd over - 0 runs, 2 hits, 0 errors, 2 left on base; San Diego 1 - Balzac 0 |
TOP OF THE 4TH |
San Diego Smashers batting - Pitching for Balzac Rams : RHP José García
|
Batting: LHB Vernon Hill
|
0-0: Hit by Pitch
|
Batting: LHB Steven Smith
|
0-0: Ball 1-0: SINGLE (Flyball, 8RS) Vernon Hill to second
|
Batting: RHB Ray Rogers
|
0-0: Foul Ball, location: 2F 0-1: Fly out, F9 (Line Drive, 89S)
|
Batting: RHB Ramón Ramírez
|
0-0: Swinging Strike 0-1: Called Strike 0-2: Ball 1-2: Strikes out swinging
|
Batting: RHB Manuel Martínez
|
0-0: Swinging Strike 0-1: Foul Ball, location: 2F 0-2: Ball 1-2: Strikes out swinging
|
Top of the 4th over - 0 runs, 1 hit, 0 errors, 2 left on base; San Diego 1 - Balzac 0 |
BOTTOM OF THE 4TH |
Balzac Rams batting - Pitching for San Diego Smashers : RHP Rick McKnight
|
Batting: RHB Marcos Pérez
|
0-0: Ball 1-0: Ball 2-0: Called Strike 2-1: Ball 3-1: Base on Balls
|
Batting: RHB Luis Cardoza
|
0-0: Called Strike 0-1: Called Strike 0-2: Fly out, F9 (Flyball, 9LM)
|
Batting: RHB Gabriel González
|
0-0: Ball 1-0: Called Strike 1-1: Foul Ball, location: 2F 1-2: Ball 2-2: Strikes out swinging
|
Batting: RHB Bob Watson
|
0-0: Fielders Choice at 2nd, 6-4 (Groundball, 6)
|
Bottom of the 4th over - 0 runs, 0 hits, 0 errors, 1 left on base; San Diego 1 - Balzac 0 |
TOP OF THE 5TH |
San Diego Smashers batting - Pitching for Balzac Rams : RHP José García
|
Batting: LHB Ryan Rheaume
|
0-0: Ball 1-0: SINGLE (Groundball, 34D)
|
Batting: RHB Sean Smith
|
0-0: Swinging Strike 0-1: Ball 1-1: Ball 2-1: Ball 3-1: Fly out, F7 (Flyball, 78D)
|
Batting: RHB Gerald Davis
|
0-0: Called Strike 0-1: Ball 1-1: Foul Ball, location: 2F 1-2: Ball 2-2: Ball Ryan Rheaume steals 2nd base 3-2: Base on Balls
|
Batting: LHB Richard Brooks
|
0-0: Ball 1-0: Ball 2-0: Foul Ball, location: 2F 2-1: Grounds into double play, 4-6-3 (Groundball, 4)
|
Top of the 5th over - 0 runs, 1 hit, 0 errors, 1 left on base; San Diego 1 - Balzac 0 |
BOTTOM OF THE 5TH |
Balzac Rams batting - Pitching for San Diego Smashers : RHP Rick McKnight
|
Batting: RHB Conner Riley
|
0-0: Ball 1-0: Ball 2-0: Foul Ball, location: 2F 2-1: Foul Ball, location: 2F 2-2: Strikes out swinging
|
Batting: RHB Armando Blanco
|
0-0: Ground out 5-3 (Groundball, 56S)
|
Batting: RHB Pedro Molina
|
0-0: Called Strike 0-1: Called Strike 0-2: Fly out, F8 (Flyball, 8RD)
|
Bottom of the 5th over - 0 runs, 0 hits, 0 errors, 0 left on base; San Diego 1 - Balzac 0 |
TOP OF THE 6TH |
San Diego Smashers batting - Pitching for Balzac Rams : RHP José García
|
Batting: LHB Vernon Hill
|
0-0: Called Strike 0-1: Swinging Strike 0-2: Ball 1-2: Ball 2-2: Foul Ball, location: 2F 2-2: Ball 3-2: Fly out, F8 (Flyball, 78D)
|
Batting: LHB Steven Smith
|
0-0: Called Strike 0-1: Foul Ball, location: 2F 0-2: Ball 1-2: SINGLE (Groundball, 34D)
|
Pitching: RHP Kelly Woodside
|
|
Batting: RHB Ray Rogers
|
0-0: Ball 1-0: Called Strike 1-1: Grounds into double play, 1-4-3 (Groundball, 15S)
|
Top of the 6th over - 0 runs, 1 hit, 0 errors, 0 left on base; San Diego 1 - Balzac 0 |
BOTTOM OF THE 6TH |
Balzac Rams batting - Pitching for San Diego Smashers : RHP Rick McKnight
|
Batting: RHB Jeremy Flemming
|
0-0: Called Strike 0-1: Ball 1-1: Foul Ball, location: 2F 1-2: Fly out, F8 (Flyball, 8RS)
|
Batting: LHB Manuel Villarreal
|
0-0: Called Strike 0-1: Ball 1-1: Ball 2-1: Swinging Strike 2-2: SINGLE (Groundball, 6D)
|
Batting: RHB Marcos Pérez
|
0-0: Foul Ball, location: 2F 0-1: Called Strike 0-2: Ball 1-2: Ball 2-2: Foul Ball, location: 2F 2-2: DOUBLE (Flyball, 8LXD) Manuel Villarreal to third
|
Batting: RHB Luis Cardoza
|
0-0: Called Strike 0-1: Ball 1-1: Foul Ball, location: 2F 1-2: Foul Ball, location: 2F 1-2: Foul Ball, location: 2F 1-2: SINGLE (Groundball, 6MD) Manuel Villarreal scores Marcos Pérez to third Runner from 3rd tries for Home, SAFE, no throw
|
Batting: RHB Gabriel González
|
0-0: Ball 1-0: Ball 2-0: Called Strike 2-1: Fly out, F3 (Popup, 23F)
|
Batting: RHB Bob Watson
|
0-0: Called Strike Luis Cardoza steals 2nd base 0-1: Ball 1-1: Foul Ball, location: 2F 1-2: Ground out 4-3 (Groundball, 34)
|
Bottom of the 6th over - 2 runs, 3 hits, 0 errors, 1 left on base; San Diego 1 - Balzac 2 |
TOP OF THE 7TH |
San Diego Smashers batting - Pitching for Balzac Rams : RHP Kelly Woodside
|
Batting: RHB Ramón Ramírez
|
0-0: Fly out, F7 (Flyball, 7LM)
|
Batting: RHB Manuel Martínez
|
0-0: Ball 1-0: Ball 2-0: Foul Ball, location: 2F 2-1: Called Strike 2-2: Fly out, F8 (Flyball, 8RM)
|
Batting: LHB Ryan Rheaume
|
0-0: Ball 1-0: Called Strike 1-1: Ball 2-1: Ball 3-1: Foul Ball, location: 2F 3-2: Foul Ball, location: 2F 3-2: Base on Balls
|
Pinch Hitting: LHB Jon Rogers
|
0-0: Foul Ball, location: 2F 0-1: Ball Ryan Rheaume steals 2nd base 1-1: Ball 2-1: Ground out 3-1 (Groundball, 34)
|
Top of the 7th over - 0 runs, 0 hits, 0 errors, 1 left on base; San Diego 1 - Balzac 2 |
BOTTOM OF THE 7TH |
Balzac Rams batting - Pitching for San Diego Smashers : RHP Rick McKnight
|
Pitching: RHP Andre Huff
|
|
Now at 2B: Michael Aisher
|
|
Batting: RHB Conner Riley
|
0-0: Ball 1-0: Ball 2-0: Ball 3-0: Called Strike 3-1: Base on Balls
|
Batting: RHB Armando Blanco
|
0-0: Ball 1-0: Fly out, F8 (Flyball, 8RM)
|
Batting: RHB Pedro Molina
|
0-0: Called Strike 0-1: Ball 1-1: SINGLE (Line Drive, 4MD) Conner Riley to second
|
Batting: RHB Jeremy Flemming
|
0-0: Called Strike Conner Riley is caught stealing 3rd base 0-1: Fly out, F4 (Line Drive, 4)
|
Bottom of the 7th over - 0 runs, 1 hit, 0 errors, 1 left on base; San Diego 1 - Balzac 2 |
TOP OF THE 8TH |
San Diego Smashers batting - Pitching for Balzac Rams : RHP Kelly Woodside
|
Batting: RHB Gerald Davis
|
0-0: Ball 1-0: Called Strike 1-1: Swinging Strike 1-2: Fly out, F7 (Line Drive, 7D)
|
Batting: LHB Richard Brooks
|
0-0: Foul Ball, location: 2F 0-1: Foul Ball, location: 2F 0-2: Ground out U3 (Groundball, 3)
|
Batting: LHB Vernon Hill
|
0-0: Ball 1-0: Called Strike 1-1: Ball 2-1: SINGLE (Line Drive, 6MD)
|
Pitching: LHP Tim Bowles
|
|
Pinch Hitting: RHB Juan García
|
0-0: Swinging Strike 0-1: Ball 1-1: Ball 2-1: Ball 3-1: Foul Ball, location: 2F 3-2: Strikes out swinging
|
Top of the 8th over - 0 runs, 1 hit, 0 errors, 1 left on base; San Diego 1 - Balzac 2 |
BOTTOM OF THE 8TH |
Balzac Rams batting - Pitching for San Diego Smashers : RHP Andre Huff
|
Now at 1B: Ron Garrett
|
|
Batting: LHB Manuel Villarreal
|
0-0: Ground out 3-1 (Groundball, 34S)
|
Batting: RHB Marcos Pérez
|
0-0: Called Strike 0-1: Called Strike 0-2: Ball 1-2: Strikes out swinging
|
Batting: RHB Luis Cardoza
|
0-0: Called Strike 0-1: Called Strike 0-2: Ground out 5-3 (Groundball, 5)
|
Bottom of the 8th over - 0 runs, 0 hits, 0 errors, 0 left on base; San Diego 1 - Balzac 2 |
TOP OF THE 9TH |
San Diego Smashers batting - Pitching for Balzac Rams : LHP Tim Bowles
|
Batting: RHB Ray Rogers
|
0-0: Foul Ball, location: 2F 0-1: Ground out U3 (Groundball, 3L)
|
Batting: RHB Ramón Ramírez
|
0-0: Ball 1-0: Ball 2-0: Swinging Strike 2-1: SINGLE (Flyball, 9S)
|
Batting: RHB Manuel Martínez
|
0-0: Ball 1-0: Called Strike 1-1: Called Strike 1-2: Hit by Pitch Ramón Ramírez to second
|
Pinch Hitting: RHB Manny Torrez
|
0-0: Foul Ball, location: 2F 0-1: Foul Ball, location: 2F 0-2: Ball 1-2: Ball 2-2: Ball 3-2: Foul Ball, location: 2F 3-2: Strikes out looking
|
Pinch Hitting: RHB Preston Wooten
|
0-0: Ball Passed Ball! Ramón Ramírez to third Manuel Martínez to second 1-0: Foul Ball, location: 2F 1-1: Foul Ball, location: 2F 1-2: Foul Ball, location: 2F 1-2: Ball 2-2: Ball 3-2: Base on Balls
|
Batting: RHB Gerald Davis
|
0-0: Foul Ball, location: 2F 0-1: Fly out, F3 (Popup, 3SF)
|
Top of the 9th over - 0 runs, 1 hit, 0 errors, 3 left on base; San Diego 1 - Balzac 2 |
|